 Dungeon Crawl Stone Soup version 0.28-a0-863-g8cecda6153 (webtiles) character file.

Game seed: 1860648408642047350

3205 kae the Grappler (level 9, -5/90 HPs)
             Began as a Purple Draconian Transmuter on Nov 18, 2021.
             Was a Believer of Ru.
             Hit by a stone thrown by a skeletal warrior (20 damage)
             ... on level 10 of the Dungeon.
             The game lasted 00:04:40 (8744 turns).

kae the Grappler (Purple Draconian Transmuter)      Turns: 8744, Time: 00:04:41

Health: -5/90      AC:  6    Str: 13    XL:     9   Next: 65%
Magic:  16/18      EV: 11    Int: 17    God:    Ru [**....]
Gold:   362        SH:  0    Dex: 11    Spells: 13/21 levels left

rFire   x . .      SeeInvis .     - Unarmed
rCold   + + +      Faith    .   (shield currently unavailable)
rNeg    . . .      Spirit   .   (armour unavailable)
rPois   +          Reflect  .   (helmet currently unavailable)
rElec   .          Harm     .   (cloak currently unavailable)
rCorr   .          Rampage  .   (gloves currently unavailable)
Will    ++...                   (boots currently unavailable)
Stlth   ..........              (no amulet)
HPRegen 0.25/turn               u - ring of willpower
MPRegen 0.16/turn               g - ring of wizardry

@: ice-form
A: freezing attack, amphibious, boosted hp, (breathe power), AC +7, large,
unfitting armour, (cold-blooded), no stealth, hated by all
a: End Transformation, Renounce Religion


You were on level 10 of the Dungeon.
You worshipped Ru.
Ru was pleased with you.
You were a creature of crystalline ice.
You visited 1 branch of the dungeon, and saw 8 of its levels.

You collected 362 gold pieces.

Inventory:

Armour
 m - a scarf of resistance (melded)
Jewellery
 g - a ring of wizardry (right front paw)
 h - a +6 ring of strength
 l - a ring of wizardry
 p - a ring of fire
 u - a ring of willpower (left front paw)
Wands
 i - a wand of digging (7)
 k - a wand of flame (21)
 v - a wand of mindburst (19)
Scrolls
 j - a scroll of amnesia
 o - 2 scrolls of fear
 r - a scroll of immolation {unknown}
 s - a scroll of holy word
 t - a scroll of enchant armour
 w - a scroll of identify
Potions
 a - 4 potions of haste
 b - 2 potions of brilliance
 c - a potion of might
 d - a potion of flight {unknown}
 e - 3 potions of curing
 f - a potion of degeneration {unknown}
 n - a potion of lignification {unknown}
 q - a potion of attraction {unknown}


   Skills:
 + Level 5.9 Fighting
 + Level 5.2 Dodging
 * Level 8.5 Unarmed Combat
 + Level 6.5 Spellcasting
 + Level 5.7 Transmutations
 - Level 2.0 Poison Magic


You had 13 spell levels left.
You knew the following spells:

 Your Spells              Type           Power      Damage    Failure   Level
a - Beastly Appendage     Tmut           50%        N/A       1%          1
b - Spider Form           Tmut/Pois      18%        N/A       3%          3
c - Ice Form              Ice/Tmut       15%        N/A       16%         4

Your spell library contained the following spells:

 Spells                   Type           Power      Damage    Failure   Level
 Sting                    Tmut/Pois      72%        1d6       1%          1
 Wereblood                Tmut           25%        N/A       1%          2
 Shock                    Conj/Air       20%        1d4       4%          1
 Slow                     Hex            20%        N/A       4%          1
 Confusing Touch          Hex            5%         N/A       16%         3
 Swiftness                Air            5%         N/A       16%         3
 Yara's Violent Unravell  Hex/Tmut       7%         3d5       38%         5
 Airstrike                Air            2%         N/A       43%         4
 Silence                  Hex/Air        2%         N/A       77%         5
 Discord                  Hex            2%         N/A       100%        8
 Chain Lightning          Conj/Air       2%         3d3       100%        9
 Fire Storm               Conj/Fire      2%         8d1       100%        9
 Shatter                  Erth           2%         3d6*      100%        9


Dungeon Overview and Level Annotations

Branches:
Dungeon (7/15)             Temple (0/1) D:4

Altars:
Okawaru
Ru


Innate Abilities, Weirdness & Mutations

You are a creature of crystalline ice.
You have a powerful freezing melee attack.
You are amphibious.
Your maximum health is increased.
Your armour is entirely melded.
You are incapable of wielding weapons or throwing items.
((You can breathe bolts of dispelling energy.))
((Your rich purple scales are hard. (AC +7)))
You cannot fit into any form of body armour.
((You are cold-blooded and may be slowed by cold attacks.))
You cannot be stealthy.
You are hated by all.


Message History

You turn into a creature of crystalline ice.
Your scarf of resistance melds into your body.
You feel hot and cold all over.
Erica hits you with a +3 scimitar of flaming!
Erica melts you.
You barely miss Erica. You hit Erica. You freeze Erica.
Erica is lightly wounded.
Erica hits you with a +3 scimitar of flaming!
Erica melts you.
You punch Erica! You freeze Erica.
Erica is moderately wounded.
Erica hits you with a +3 scimitar of flaming!
Erica melts you.
You are too injured to fight recklessly!
You are too injured to fight recklessly!
You are too injured to fight recklessly!
You pummel Erica!! You freeze Erica.
Erica is severely wounded.
Erica points at you and mumbles some strange words.
The lance of force hits you!
You are knocked back by the lance of force.
You slam into the rock wall!
Erica is stunned by your conviction and fails to attack.
You barely miss Erica.
Erica is severely wounded.
Erica hits you with a +3 scimitar of flaming.
* * * LOW HITPOINT WARNING * * *
Erica melts you.
* * * LOW HITPOINT WARNING * * *
You punch Erica! You freeze Erica.
Erica is severely wounded.
Erica begins to cast a spell, but is stunned by your conviction!
You punch Erica! You freeze Erica.
You kill Erica!
The skeletal warrior hits you with a +0 hand axe!
* * * LOW HITPOINT WARNING * * *
Your Dodging skill increases to level 5!
The skeletal warrior throws a stone.
The stone hits you!!
You die...

######## #......#
#......# #......#
#......#
##########......##
#.................#
#####..#........# ..
#..Y..##.......##
...
##z#####.......##
... #.)# ..###.###
#.# #..# ## .#
#####..### #... ##
#...z..... z...)
#..z..#### .......
#...........#......
#....##....##.......


You could see a skeletal warrior.

Vanquished Creatures
  Erica (D:10)
  Pikel (D:4)
  Maggie (D:7)
  A black bear (D:4)
  2 necrophages
  A sky beast (D:6)
  4 ogres
  2 centaurs
  A lemure (D:4)
  A bullfrog (D:7)
  A water moccasin zombie (D:5)
  A scorpion (D:6)
  A water moccasin skeleton (D:5)
  2 howler monkeys (D:10)
  2 hounds (D:5)
  3 bullfrog skeletons
  4 orc priests
  A centaur skeleton (D:4)
  An iguana (D:6)
  6 orc wizards
  6 gnolls
  A howler monkey skeleton (D:7)
  4 adders
  2 shadow imps (D:5)
  An ufetubus (D:4)
  An adder skeleton (D:4)
  A worm (D:3)
  2 dart slugs
  20 orcs
  7 endoplasms
  4 giant cockroaches
  6 goblins
  7 hobgoblins
  2 jackals (D:4)
  4 kobolds
  6 quokkas
  5 ball pythons
  4 bats (D:2)
  2 frilled lizards
  5 rats
127 creatures vanquished.

Notes
Turn   | Place    | Note
-------+----------+-------------------------------------------
     0 | D:1      | kae the Draconian Transmuter began the quest for the Orb.
     0 | D:1      | Reached XP level 1. HP: 16/16 MP: 3/3
   533 | D:1      | Reached XP level 2. HP: 19/23 MP: 3/5
   639 | D:1      | Found a faded altar of an unknown god.
  1576 | D:2      | Found a sacrificial altar of Ru.
  1594 | D:2      | Became a worshipper of Ru the Awakened
  1609 | D:2      | Reached XP level 3. HP: 25/29 MP: 4/6
  2399 | D:3      | Reached XP level 4. HP: 28/36 MP: 7/7
  2654 | D:2      | Learned a level 3 spell: Spider Form
  2853 | D:3      | Reached skill level 4 in Unarmed Combat
  3067 | D:3      | Reached skill level 1 in Poison Magic
  3107 | D:3      | Noticed a necrophage
  3235 | D:2      | Killed a necrophage
  3236 | D:2      | Reached XP level 5. HP: 7/42 MP: 3/8
  4006 | D:4      | Reached XP level 6. HP: 49/50 MP: 8/10
  4284 | D:4      | Noticed Pikel
  4337 | D:4      | Killed Pikel
  4338 | D:4      | Reached skill level 5 in Unarmed Combat
  4338 | D:4      | Your scales start taking on a rich purple colour.
  4338 | D:4      | Reached XP level 7. HP: 16/57 MP: 11/13
  4580 | D:4      | Gained mutation: You cannot be stealthy. [Ru sacrifice]
  4605 | D:4      | Found a staircase to the Ecumenical Temple.
  5419 | D:5      | Entered Level 5 of the Dungeon
  5705 | D:5      | Reached skill level 6 in Unarmed Combat
  5912 | D:5      | Reached XP level 8. HP: 58/66 MP: 11/14
  6160 | D:5      | Reached skill level 5 in Spellcasting
  6406 | D:5      | Got Sif Muna's Compendium of Entrancing Contamination
  6813 | D:5      | Reached skill level 7 in Unarmed Combat
  6908 | D:5      | Found an iron altar of Okawaru.
  7394 | D:6      | Reached skill level 5 in Fighting
  7542 | D:6      | Reached XP level 9. HP: 55/74 MP: 15/17
  7755 | D:6      | Reached skill level 5 in Transmutations
  8353 | D:7      | Gained mutation: You are hated by all. [Ru sacrifice]
  8353 | D:7      | Reached * piety under Ru
  8353 | D:7      | Reached ** piety under Ru
  8373 | D:7      | Noticed Maggie
  8380 | D:7      | Learned a level 4 spell: Ice Form
  8388 | D:7      | Killed Maggie
  8557 | D:7      | You fall into a shaft and drop 3 floors!
  8557 | D:10     | Entered Level 10 of the Dungeon
  8583 | D:10     | Noticed a skeletal warrior
  8586 | D:10     | Reached skill level 8 in Unarmed Combat
  8588 | D:10     | Noticed a skeletal warrior
  8589 | D:10     | Noticed a skeletal warrior
  8592 | D:10     | Noticed a skeletal warrior
  8727 | D:10     | Noticed Erica
  8742 | D:10     | Killed Erica
  8743 | D:10     | Reached skill level 5 in Dodging
  8744 | D:10     | Hit by a stone thrown by a skeletal warrior

Illustrated notes

Levels and vault maps discovered:
D:1:      minmay_arrival_widening_spiral_wide, layout_loops_corners,
          ebering_ecumenical_altar_box, minmay_misc_feat_ornament,
          corexii_corridor_pit, hangedman_decor_slide_cut
D:2:      layout_basic, basic_altar
D:3:      layout_basic
D:4:      layout_layer_cave, minmay_temple_entry_arrows,
          kennysheep_cross_bottleneck, uniq_pikel
D:5:      layout_cave_pods, okawaru_ov_weapons_minmay, minmay_chambers_of_fives
D:6:      layout_cave_pods
D:7:      layout_basic, uniq_maggie
D:10:     layout_rooms, ashenzari_conservatory_becter, enter_trove_1,
          uniq_harold, uniq_erica

Skill      XL: |  1  2  3  4  5  6  7  8  9 |
---------------+----------------------------+-----
Dodging        | 2 3 4 5 |  5.2
Fighting       | 2 3 5 |  5.9
Unarmed Combat | 4 5 6 7 8 |  8.5
Poison Magic   | 1 2 |  2.0
Transmutations | 3 4 5 |  5.7
Spellcasting   | 4 5 6 |  6.5

Action                   |  1- 3 |  4- 6 |  7- 9 || total
-------------------------+-------+-------+-------++-------
Melee: Unarmed           |   120 |    91 |   206 ||   417
       Kick              |    17 |     9 |     1 ||    27
       Tailslap          |    10 |     3 |     8 ||    21
       Headbutt          |    10 |     4 |       ||    14
       Punch             |       |     2 |       ||     2
 Cast: Beastly Appendage |    21 |     9 |     1 ||    31
       Spider Form       |       |     6 |    25 ||    31
       Ice Form          |       |       |     3 ||     3
Invok: Sacrifice Stealth |       |       |     1 ||     1
       Sacrifice Love    |       |       |     1 ||     1
 Abil: Breathe Dispellin |       |       |     1 ||     1
  Use: Scroll            |     6 |     2 |     7 ||    15
       Potion            |       |       |     1 ||     1
 Stab: Sleeping          |     2 |       |       ||     2
Armor: Skin              |    40 |    26 |    15 ||    81
Dodge: Dodged            |    75 |    67 |   173 ||   315

Table legend: (Time is in decaauts)
 A = Elapsed time spent in this place.
 B = Non-inter-level travel time spent in this place.
 C = Inter-level travel time spent in this place.
 D = Time resting spent in this place.
 E = Time spent auto-exploring this place.
 F = Levels seen in this place.
 G = Mean time per level.
                   A        B        C        D        E       F      G
               +--------+--------+--------+--------+--------+-----+--------+
         Total |   8710 |   8468 |    242 |    478 |   6891 |   8 | 1088.8 |
       Dungeon |   8710 |   8468 |    242 |    478 |   6891 |   8 | 1088.8 |
               +--------+--------+--------+--------+--------+-----+--------+

Top non-repeatable levels by time:
     D:4: 1644 daAuts
     D:5: 1628 daAuts
     D:1: 1418 daAuts
     D:2: 1379 daAuts
     D:6: 1085 daAuts
     D:3: 969 daAuts
     D:7: 399 daAuts
    D:10: 184 daAuts
